 Dungeon Crawl Stone Soup version bcrawl-1.41.1 (webtiles) character file.

Game seed: 17910092736218771684

374824 Yshiel the Thaumaturge (level 12, -7/89 HPs)
             Began as a Gnoll Ice Elementalist on Apr 20, 2024.
             Was a High Priest of Okawaru.
             Killed by the air
             ... invoked by a wind drake (shapeshifter)
              (20 damage)
             ... on level 11 of the Dungeon on Apr 21, 2024.
             The game lasted 01:40:52 (11885 turns).

Yshiel the Thaumaturge (Gnoll Ice Elementalist)    Turns: 11885, Time: 01:40:52

Health: -7/89      AC:  9    Str: 15    XL:     12   Next: 17%
Magic:  23/24      EV: 26    Int: 19    God:    Okawaru [*****.]
Gold:   528        SH:  5    Dex: 24    Spells: 22/28 levels left

rFire    . . .     GDR:     41% L - +5 dagger (speed)
rCold    + . .     SeeInvis +   (no shield)
rNeg     + . .     Gourm    .   U - +0 troll leather armour
rPois    .         Faith    .   H - +0 helmet
rElec    .         Spirit   .   (no cloak)
rCorr    .         Reflect  +   (no gloves)
MR       .....                  q - +0 pair of boots
Stlth    ++++++++..             W - +5 amulet of reflection
HPRegen  0.64/turn              l - ring "Zyviept" {rC+ Dex+4 Slay+3 SInv Stlth++}
MPRegen  0.19/turn              t - ring of positive energy

@: mighty, heroism
A: distributed training, fangs 1, strong nose
a: Heroism, Finesse, Renounce Religion


You were on level 11 of the Dungeon.
You worshipped Okawaru.
Okawaru was extremely pleased with you.
You were hungry.

You visited 2 branches of the dungeon, and saw 13 of its levels.
You also visited: Ossuary.

You collected 528 gold pieces.

Inventory:

Hand Weapons
 f - the +10 hand axe of Qosatt {chop, +Rage rN+ Dex+4 Stlth-}
   (You found it on level 10 of the Dungeon)

   It will always inflict at least some extra damage.
   This minimum extra damage increases with your current reserve of magical
   power.
   It affects your dexterity (+4).
   It protects you from negative energy.
   It lets you go berserk.
   It makes you less stealthy.
 o - a +1 whip of freezing
 w - a +0 blowgun
 K - a +2 falchion of electrocution
 L - a +5 dagger of speed (weapon)
 M - a +3 dagger
 P - a +2 flail of holy wrath
 Z - a +0 shortbow
Missiles
 b - 696 sling bullets
 s - 2733 arrows
 v - 1353 stones (quivered)
 x - 332 poisoned needles
 E - 544 bolts
 Q - 32 poisoned tomahawks
 T - 70 javelins
Armour
 q - a +0 pair of boots (worn)
 C - a +0 robe of magic recovery
 F - a +2 ring mail of poison resistance
 H - a +0 helmet (worn)
 R - a +1 leather armour of poison resistance
 U - a +0 troll leather armour (worn)
Jewellery
 h - an uncursed ring of stealth
 l - the ring "Zyviept" (left hand) {rC+ Dex+4 Slay+3 SInv Stlth++}
   (You found it on level 12 of the Dungeon)

   [ring of stealth]

   It affects your dexterity (+4).
   It affects your accuracy and damage with ranged weapons and melee attacks
   (+3).
   It protects you from cold.
   It lets you see invisible.
   It makes you much more stealthy.
 t - a ring of positive energy (right hand)
 W - a +5 amulet of reflection (around neck)
Wands
 a - a wand of digging (9)
 c - a wand of iceblast (1)
 y - a wand of random effects (16)
 G - a wand of charming (7)
 V - a wand of flame (23)
Scrolls
 d - a scroll of fear
 i - 2 scrolls of identify
 k - 8 scrolls of remove curse
 z - a scroll of brand weapon {unknown}
 D - a scroll of fog {unknown}
 J - a scroll of immolation {unknown}
 N - 2 scrolls of amnesia
 S - a scroll of blinking {unknown}
 X - a scroll of revelation {unknown}
Potions
 g - a potion of flight
 j - 2 potions of lignification
 m - a potion of brilliance
 r - 4 potions of agility
 u - 3 potions of magic
 A - 3 potions of ambrosia
 B - 2 potions of berserk rage
 I - 3 potions of mutation
 O - a potion of resistance
 Y - a potion of degeneration {unknown}
Comestibles
 e - 13 rations {!d}
 n - 9 chunks of flesh


   Skills:
 + Level 6.9(11.9) Fighting
 + Level 6.9(11.9) Short Blades
 + Level 6.9(11.9) Long Blades
 + Level 6.9(11.9) Axes
 + Level 6.9(11.9) Maces & Flails
 + Level 6.9(11.9) Polearms
 + Level 6.9(11.9) Staves
 + Level 6.9(11.9) Slings
 + Level 6.9(11.9) Bows
 + Level 6.9(11.9) Crossbows
 + Level 6.9(11.9) Throwing
 + Level 6.9(11.9) Armour
 + Level 8.4(13.4) Dodging
 + Level 8.4(13.4) Stealth
 + Level 6.9(11.9) Shields
 + Level 6.9(11.9) Unarmed Combat
 + Level 8.6 Spellcasting
 + Level 6.1 Conjurations
 + Level 5.7 Hexes
 + Level 5.7 Charms
 + Level 5.7 Summonings
 + Level 5.7 Necromancy
 + Level 5.7 Translocations
 + Level 5.7 Transmutations
 + Level 5.7 Fire Magic
 + Level 8.0 Ice Magic
 + Level 5.7 Air Magic
 + Level 5.7 Earth Magic
 + Level 5.7 Poison Magic
 + Level 7.5 Invocations
 + Level 6.9 Evocations


You had 22 spell levels left.
You knew the following spells:

 Your Spells              Type           Power        Failure   Level  Hunger
a - Freeze                Ice            #####.       1%          1    None
b - Throw Frost           Conj/Ice       #####.       1%          2    None
c - Ozocubu's Armour      Chrm/Ice       ####....     1%          3    None

Your spell library contained the following spells:

 Spells                   Type           Power        Failure   Level  Hunger
 Throw Icicle             Conj/Ice       #####...     5%          4    ##.....
 Ice Form                 Ice/Tmut       ####....     6%          4    ##.....
 Summon Ice Beast         Ice/Summ       ####....     6%          4    ##.....
 Freezing Cloud           Ice/Air        ####....     16%         5    ####...
 Metabolic Englaciation   Hex/Ice        ####......   16%         5    ####...
 Ozocubu's Refrigeration  Ice            #####.....   50%         6    ######.
 Bolt of Cold             Conj/Ice       #####.....   63%         6    ######.
 Simulacrum               Ice/Necr       ####....     65%         6    ######.


Dungeon Overview and Level Annotations

Branches:
Dungeon (12/12)            Temple (1/1) D:4            Lair (0/6) D:8
    Orc (0/1) D:8
 Vaults: D:11-12     Depths: D:12

Altars:
Ashenzari
Cheibriados
Dithmenos
Elyvilon
Fedhas
Gozag
Hepliaklqana
Kikubaaqudgha
Lugonu
Makhleb
Nemelex Xobeh
Okawaru
Qazlal
Ru
Sif Muna
Trog
Uskayaw
Vehumet
Wu Jian
Xom
Yredelemnul
Zin
The Shining One

Shops:
D:5 [   D:7 (   D:9 =   D:11 ?!%


Innate Abilities, Weirdness & Mutations

Your experience applies equally to all skills.
You have very sharp teeth.
Your uncanny sense of smell can sniff out nearby items.


Message History

The wind drake flaps its wings at you. The air twists around and strikes you!
* * * LOW HITPOINT WARNING * * *
The worker ant misses you.
You puncture the worker ant! Your bite misses the worker ant.
The worker ant is almost dead.
The worker ant completely misses you.
You barely miss the worker ant.
The worker ant is almost dead.
You puncture the worker ant!
You kill the worker ant!
Okawaru accepts your kill.
You feel very mighty all of a sudden.
The wind drake exhales a fierce blast of wind!
The orc wizard casts a spell at you. The magic dart hits you.
* * * LOW HITPOINT WARNING * * *
The wind drake flaps its wings at you. The air twists around and strikes you!!
You die...

∆
#...#.##...#....
∆∆∆
#...............
#....o..........
#......###......
######.#c.###
#......
.....o.#.##
#......
#######...#o#
#......
#...........#
#......
#......@.k.##
##.....
#..........#
##....
############
#####


You could see a wind drake, an orc wizard (invisible) and an orc.

Vanquished Creatures
  2 two-headed ogres
  A tengu warrior (D:8)
  A centaur warrior (D:12)
  4 ugly things
  A manticore (D:9)
  3 trolls
  A harpy skeleton (D:12)
  A shadow (D:10)
  2 wyverns (D:8)
  A human (D:7)
  9 yaks
  3 hogs (D:7)
  2 basilisks
  3 hungry ghosts (D:8)
  Menkaure (Ossuary)
  A two-headed ogre zombie (D:8)
  An acid dragon (shapeshifter) (D:11)
  A crocodile (D:8)
  A swamp drake (D:8)
  4 orc warriors
  3 ice beasts
  4 sky beasts
  3 phantoms
  A necrophage (D:8)
  8 ogres
  2 bullfrogs
  2 kobold brigands
  A wyvern zombie (D:8)
  A water moccasin zombie (D:6)
  10 centaurs
  4 scorpions
  2 troll zombies (D:8)
  7 killer bees (D:7)
  A wight (D:6)
  3 howler monkeys
  3 orc priests (D:6)
  8 crimson imps
  2 bullfrog zombies
  3 quasits
  5 hounds
  A bullfrog skeleton (D:6)
  6 jellies
  2 iguanas
  12 orc wizards
  Jessica (D:2)
  Natasha (twice) (D:4)
  11 worker ants
  A killer bee zombie (D:5)
  5 ogre zombies (D:8)
  3 hound zombies
  3 mummies (Ossuary)
  2 hound skeletons
  2 worker ant zombies
  A howler monkey skeleton (D:3)
  8 adders
  2 shadow imps
  An ooze (D:1)
  3 adder zombies
  5 adder skeletons
  3 worms
  2 dart slugs
  3 leopard geckos
  37 orcs
  5 giant cockroaches
  4 gnoll zombies (Ossuary)
  2 goblins
  3 hobgoblins
  7 jackals
  18 kobolds
  4 quokkas
  8 bats
  6 frilled lizards
  9 gnoll skeletons (Ossuary)
  3 goblin skeletons
  4 goblin zombies (Ossuary)
  5 hobgoblin skeletons (Ossuary)
  13 hobgoblin zombies
  3 kobold skeletons (Ossuary)
  2 kobold zombies (Ossuary)
  8 orc skeletons
  19 orc zombies
  A quokka skeleton (D:6)
  A quokka zombie (D:6)
  2 rats
  A rat skeleton (Ossuary)
  4 rat zombies (Ossuary)
364 creatures vanquished.

Notes
Turn   | Place    | Note
-------+----------+-------------------------------------------
     0 | D:1      | Yshiel the Gnoll Ice Elementalist began the quest for the
                  | Orb.
     0 | D:1      | Reached XP level 1. HP: 13/13 MP: 6/6
    37 | D:1      | Found a shimmering altar of Xom.
   121 | D:1      | Reached XP level 2. HP: 19/19 MP: 2/7
   610 | D:1      | Reached XP level 3. HP: 25/25 MP: 9/9
   680 | D:2      | Reached skill level 5 in Spellcasting
   696 | D:2      | Noticed an ogre
   697 | D:2      | Noticed a scorpion
   711 | D:1      | Killed an ogre
   712 | D:1      | Reached skill level 1 in Fighting
   712 | D:1      | Reached skill level 1 in Short Blades
   712 | D:1      | Reached skill level 1 in Long Blades
   712 | D:1      | Reached skill level 1 in Axes
   712 | D:1      | Reached skill level 1 in Maces & Flails
   712 | D:1      | Reached skill level 1 in Polearms
   712 | D:1      | Reached skill level 1 in Staves
   712 | D:1      | Reached skill level 1 in Slings
   712 | D:1      | Reached skill level 1 in Bows
   712 | D:1      | Reached skill level 1 in Crossbows
   712 | D:1      | Reached skill level 1 in Throwing
   712 | D:1      | Reached skill level 1 in Armour
   712 | D:1      | Reached skill level 1 in Shields
   712 | D:1      | Reached skill level 1 in Unarmed Combat
   712 | D:1      | Reached skill level 1 in Hexes
   712 | D:1      | Reached skill level 1 in Charms
   712 | D:1      | Reached skill level 1 in Summonings
   712 | D:1      | Reached skill level 1 in Necromancy
   712 | D:1      | Reached skill level 1 in Translocations
   712 | D:1      | Reached skill level 1 in Transmutations
   712 | D:1      | Reached skill level 1 in Fire Magic
   712 | D:1      | Reached skill level 1 in Air Magic
   712 | D:1      | Reached skill level 1 in Earth Magic
   712 | D:1      | Reached skill level 1 in Poison Magic
   712 | D:1      | Reached skill level 1 in Invocations
   712 | D:1      | Reached skill level 1 in Evocations
   712 | D:1      | Reached XP level 4. HP: 8/32 MP: 6/11
   802 | D:2      | Reached XP level 5. HP: 37/37 MP: 8/12
  1001 | D:2      | Noticed Jessica
  1008 | D:2      | Killed Jessica
  1680 | D:2      | Reached XP level 6. HP: 37/44 MP: 8/13
  2059 | D:3      | Reached skill level 5 in Dodging
  2059 | D:3      | Reached skill level 5 in Stealth
  2104 | D:3      | Found a bloodstained altar of Trog.
  2569 | D:4      | Reached XP level 7. HP: 48/50 MP: 12/15
  2778 | D:4      | Found a staircase to the Ecumenical Temple.
  2940 | D:4      | Reached XP level 8. HP: 57/57 MP: 11/16
  3539 | D:5      | Entered Level 5 of the Dungeon
  4034 | D:5      | Found Tegael's Armour Shoppe.
  4496 | Temple   | Entered the Ecumenical Temple
  4973 | D:4      | Noticed Natasha
  4984 | D:4      | Killed Natasha
  5022 | D:4      | Noticed Natasha
  5053 | D:4      | Killed Natasha
  5470 | D:6      | Reached XP level 9. HP: 59/65 MP: 13/18
  5665 | D:6      | Found an iron altar of Okawaru.
  5671 | D:6      | Became a worshipper of Warmaster Okawaru
  6390 | D:7      | Reached * piety under Okawaru
  6444 | D:7      | Noticed a two-headed ogre
  6455 | D:7      | Killed a two-headed ogre
  6456 | D:7      | Reached skill level 5 in Invocations
  6456 | D:7      | Reached XP level 10. HP: 36/73 MP: 11/20
  6512 | D:7      | Found Pifagy's Weapon Emporium.
  6518 | D:7      | Reached ** piety under Okawaru
  6557 | D:7      | Noticed a red ugly thing
  6567 | D:7      | Killed a red ugly thing
  6610 | D:7      | Reached skill level 5 in Fighting
  6610 | D:7      | Reached skill level 5 in Short Blades
  6610 | D:7      | Reached skill level 5 in Long Blades
  6610 | D:7      | Reached skill level 5 in Axes
  6610 | D:7      | Reached skill level 5 in Maces & Flails
  6610 | D:7      | Reached skill level 5 in Polearms
  6610 | D:7      | Reached skill level 5 in Staves
  6610 | D:7      | Reached skill level 5 in Slings
  6610 | D:7      | Reached skill level 5 in Bows
  6610 | D:7      | Reached skill level 5 in Crossbows
  6610 | D:7      | Reached skill level 5 in Throwing
  6610 | D:7      | Reached skill level 5 in Armour
  6610 | D:7      | Reached skill level 5 in Shields
  6610 | D:7      | Reached skill level 5 in Unarmed Combat
  6610 | D:7      | Reached skill level 5 in Evocations
  6736 | D:7      | Found a sand-covered staircase.
  6749 | Ossuary  | Entered an ossuary
  7115 | Ossuary  | Noticed Menkaure
  7184 | Ossuary  | Killed Menkaure
  7184 | Ossuary  | Reached *** piety under Okawaru
  8231 | D:8      | Noticed a purple ugly thing
  8237 | D:8      | Killed a purple ugly thing
  8238 | D:8      | Reached skill level 5 in Conjurations
  8252 | D:8      | Received a gift from Okawaru
  8273 | D:8      | Learned a level 2 spell: Throw Frost
  8277 | D:8      | Learned a level 3 spell: Ozocubu's Armour
  8351 | D:8      | Found a sparkling altar of Nemelex Xobeh.
  8520 | D:8      | Reached XP level 11. HP: 78/81 MP: 22/22
  8561 | D:8      | Paralysed by fainting for 6 turns
  8574 | D:8      | Reached **** piety under Okawaru
  8600 | D:8      | Noticed a red ugly thing
  8621 | D:8      | Killed a red ugly thing
  8863 | D:8      | Found a shimmering altar of Xom.
  8863 | D:8      | Found an opulent altar of Gozag.
  8864 | D:8      | Found a hazy altar of Hepliaklqana.
  8889 | D:8      | Found a staircase to the Orcish Mines.
  9034 | D:8      | Noticed a tengu warrior
  9060 | D:8      | Killed a tengu warrior
  9060 | D:8      | Received a gift from Okawaru
  9088 | D:8      | Reached skill level 5 in Hexes
  9088 | D:8      | Reached skill level 5 in Charms
  9088 | D:8      | Reached skill level 5 in Summonings
  9088 | D:8      | Reached skill level 5 in Necromancy
  9088 | D:8      | Reached skill level 5 in Translocations
  9088 | D:8      | Reached skill level 5 in Transmutations
  9088 | D:8      | Reached skill level 5 in Fire Magic
  9088 | D:8      | Reached skill level 5 in Air Magic
  9088 | D:8      | Reached skill level 5 in Earth Magic
  9088 | D:8      | Reached skill level 5 in Poison Magic
  9130 | D:8      | Found a shadowy altar of Dithmenos.
  9905 | D:8      | Found a staircase to the Lair.
 10076 | D:9      | Found Assisy's Jewellery Emporium.
 10197 | D:9      | Noticed a manticore
 10210 | D:9      | Killed a manticore
 10210 | D:9      | Reached ***** piety under Okawaru
 10398 | D:10     | Entered Level 10 of the Dungeon
 10448 | D:10     | Got a jewelled hand axe
 10449 | D:10     | Identified the +10 hand axe of Qosatt {chop, +Rage rN+
                  | Dex+4 Stlth-} (You found it on level 10 of the Dungeon)
 10688 | D:11     | Found Viup's Magic Scroll Shoppe.
 10688 | D:11     | Noticed a centaur warrior
 10696 | D:11     | Noticed a white ugly thing
 10715 | D:11     | Found Yhesoumm's Food Boutique.
 10737 | D:12     | Entered Level 12 of the Dungeon
 10987 | D:12     | Received a gift from Okawaru
 11262 | D:11     | Found Rextuoh's Distillery.
 11453 | D:12     | Noticed a centaur warrior
 11468 | D:12     | Killed a centaur warrior
 11499 | D:12     | Got a glittering iron ring
 11500 | D:12     | Identified the ring "Zyviept" {rC+ Dex+4 Slay+3 SInv
                  | Stlth++} (You found it on level 12 of the Dungeon)
 11528 | D:12     | Received a gift from Okawaru
 11570 | D:12     | Noticed a centaur warrior
 11645 | D:12     | Reached XP level 12. HP: 75/89 MP: 24/24
 11738 | D:11     | Noticed a two-headed ogre
 11743 | D:11     | Killed a two-headed ogre
 11743 | D:11     | Received a gift from Okawaru
 11760 | D:11     | Received a gift from Okawaru
 11885 | D:11     | Killed from afar by a wind drake (shapeshifter)

Skill      XL: |  1  2  3  4  5  6  7  8  9 10 11 12 |
---------------+-------------------------------------+-----
Conjurations   | 2 3 4 5 6 |  6.1
Spellcasting   | 5 6 7 8 |  8.6
Fighting       | 1 2 3 4 5 6 |  6.9
Short Blades   | 1 2 3 4 5 6 |  6.9
Long Blades    | 1 2 3 4 5 6 |  6.9
Axes           | 1 2 3 4 5 6 |  6.9
Maces & Flails | 1 2 3 4 5 6 |  6.9
Polearms       | 1 2 3 4 5 6 |  6.9
Staves         | 1 2 3 4 5 6 |  6.9
Slings         | 1 2 3 4 5 6 |  6.9
Bows           | 1 2 3 4 5 6 |  6.9
Crossbows      | 1 2 3 4 5 6 |  6.9
Throwing       | 1 2 3 4 5 6 |  6.9
Armour         | 1 2 3 4 5 6 |  6.9
Shields        | 1 2 3 4 5 6 |  6.9
Unarmed Combat | 1 2 3 4 5 6 |  6.9
Hexes          | 1 2 3 4 5 |  5.7
Charms         | 1 2 3 4 5 |  5.7
Summonings     | 1 2 3 4 5 |  5.7
Necromancy     | 1 2 3 4 5 |  5.7
Translocations | 1 2 3 4 5 |  5.7
Transmutations | 1 2 3 4 5 |  5.7
Fire Magic     | 1 2 3 4 5 |  5.7
Air Magic      | 1 2 3 4 5 |  5.7
Earth Magic    | 1 2 3 4 5 |  5.7
Poison Magic   | 1 2 3 4 5 |  5.7
Invocations    | 1 2 3 4 5 6 7 |  7.5
Evocations     | 1 2 3 4 5 6 |  6.9
Dodging        | 5 6 7 8 |  8.4
Stealth        | 5 6 7 8 |  8.4
Ice Magic      | 6 7 8 |  8.0

Action                   |  1- 3 |  4- 6 |  7- 9 | 10-12 || total
-------------------------+-------+-------+-------+-------++-------
Melee: Unarmed           |     9 |       |       |       ||     9
       Short sword       |    20 |     2 |       |       ||    22
       Bite              |     1 |     8 |    42 |   120 ||   171
       Whip              |       |    61 |    43 |       ||   104
       Dagger            |       |       |   213 |   704 ||   917
       Punch             |       |       |     3 |    37 ||    40
       Flail             |       |       |       |    18 ||    18
       Hand axe          |       |       |       |    30 ||    30
 Fire: Blowgun           |       |       |    22 |     5 ||    27
 Cast: Freeze            |    15 |    54 |   131 |   153 ||   353
Invok: Heroism           |       |       |       |     5 ||     5
  Use: Scroll            |       |     4 |     4 |    16 ||    24
       Potion            |       |       |     2 |    10 ||    12
 Stab: Sleeping          |    11 |     9 |    16 |    21 ||    57
       Distracted        |       |     1 |     1 |     4 ||     6
  Eat: Chunk             |       |     7 |    12 |    18 ||    37
       Ration            |       |       |     2 |     3 ||     5
Armor: Robe              |     7 |    10 |    17 |       ||    34
       Ring mail         |       |       |    63 |   133 ||   196
       Troll leather arm |       |       |       |    42 ||    42
Dodge: Dodged            |    29 |   100 |   224 |   483 ||   836
Block: Other             |       |       |       |    57 ||    57
       Reflection        |       |       |       |    12 ||    12
